 Dungeon Sprint DCSS version 0.21-a0-71-g5e5ddd2 (webtiles) character file.

15 Kidiri the Chucker (level 2, -4/29 HPs)
             Began as a Troll Hunter on June 19, 2017.
             Was an Initiate of Wu Jian.
             Slain by an iron imp
             ... wielding an uncursed staff of power
              (10 damage)
             ... in the Dungeon (Sprint V: "Ziggurat Sprint").
             The game lasted 00:01:00 (77 turns).

Kidiri the Chucker (Troll Hunter)                     Turns: 77, Time: 00:01:01

Health: -4/29      AC:  5    Str: 19    XL:     2   Next: 34%
Magic:  1/2        EV: 12    Int:  7    God:    Wu Jian [......]
Gold:   0          SH:  0    Dex: 22    Spells: 1/1 levels left

rFire    . . .     SeeInvis .     - Unarmed
rCold    . . .     Gourm    +   (no shield)
rNeg     . . .     Faith    .   b - +0 robe
rPois    .         Spirit   .   (helmet restricted)
rElec    .         Reflect  .   (no cloak)
rCorr    .         Harm     .   (gloves unavailable)
MR       .....     NoTele   +   (boots unavailable)
Stlth    ++........             (no amulet)
HPRegen  0.49/turn              y - +6 ring of dexterity
MPRegen  0.08/turn              A - +6 ring of dexterity

@: no status effects
A: unfitting armour, claws 3, fast metabolism 3, gourmand, regeneration 1,
shaggy fur 1, tough skin 2
a: Renounce Religion


You were in the Dungeon.
You worshipped Wu Jian.
Wu Jian was noncommittal.
You were not hungry.

You visited 1 branch

Inventory:

Missiles
 c - 5 large rocks (quivered)
 d - 2 throwing nets
Armour
 b - a +0 robe (worn)
 J - +5 gold dragon scales
Jewellery
 y - a +6 ring of dexterity (left claw)
 A - a +6 ring of dexterity (right claw)
 B - a +6 ring of intelligence
 C - a +6 ring of intelligence
 D - a +6 ring of strength
 E - a +6 ring of strength
Wands
 F - a wand of disintegration (7/24)
 G - a wand of iceblast (5/15)
 H - a wand of lightning (5/15)
 I - a wand of acid (5/15)
Scrolls
 k - 4 scrolls of blinking
 q - 4 scrolls of amnesia
 r - 3 scrolls of recharging
 s - 7 scrolls of fog
 t - a scroll of holy word
 u - 5 scrolls of identify
 v - 5 scrolls of remove curse
 w - 2 scrolls of fear
Potions
 a - 2 potions of brilliance
 e - 10 potions of curing
 g - 10 potions of heal wounds
 h - 6 potions of haste
 i - 7 potions of magic
 j - 3 potions of berserk rage
 l - 2 potions of invisibility
 m - 4 potions of resistance
 o - 5 potions of agility
 p - 5 potions of might
Comestibles
 f - 6 bread rations
 x - 42 fruits
 z - 4 meat rations


   Skills:
 + Level 2.3 Fighting
 + Level 4.2 Throwing
 + Level 1.6 Armour
 * Level 3.2 Dodging
 * Level 2.1 Stealth
 * Level 3.2 Unarmed Combat
 + Level 1.3 Evocations


You had one spell level left.
You didn't know any spells.

Dungeon Overview and Level Annotations

Branches:
Dungeon (1/1)

Altars:
Ashenzari
Cheibriados
Dithmenos
Elyvilon
Fedhas
Gozag
Hepliaklqana
Kikubaaqudgha
Makhleb
Nemelex Xobeh
Okawaru
Qazlal
Ru
Sif Muna
Trog
Uskayaw
Vehumet
Wu Jian
Xom
Yredelemnul
Zin
The Shining One
Beogh
Jiyva
Lugonu

Annotations:
D 1 transporter


Innate Abilities, Weirdness & Mutations

You are too large for most types of armour.
You have claws for hands.
Your metabolism is lightning-fast.
You like to eat raw meat.
Your natural rate of healing is unusually fast.
You are covered in fur. (AC +1)
You have very tough skin. (AC +2)


Message History

The iron imp hits you with an uncursed staff of power.
Unknown command.
You scratch the white imp.
The white imp is heavily wounded.
The white imp hits you. The white imp freezes you.
The iron imp barely misses you.
You closely miss the white imp.
The white imp is heavily wounded.
The white imp closely misses you.
You scratch the white imp.
The white imp is severely wounded.
The white imp gestures at you. The puff of frost hits you!
The iron imp hits you with an uncursed staff of power!
* * * LOW HITPOINT WARNING * * *
You claw the white imp!
You kill the white imp!
The Council accepts your kill.
The iron imp hits you with an uncursed staff of power!
You die...

▓▓▓▓▓▓▓
▓.8©8.▓
▓.....▓
▓...).▓
▓.5...▓
▓.@...▓
▓.....▓
▓▓▓▓▓▓▓


You could see an iron imp.

Vanquished Creatures
  A white imp (D)
1 creature vanquished.

Notes
Turn   | Place    | Note
-------+----------+-------------------------------------------
     0 | D        | Kidiri the Troll Hunter began the quest for the Orb.
     0 | D        | Reached XP level 1. HP: 19/19 MP: 0/0
     1 | D        | Found a deep blue altar of Sif Muna.
     1 | D        | Found a sacrificial altar of Ru.
     1 | D        | Found a bloodstained altar of Trog.
     1 | D        | Found a stormy altar of Qazlal.
     1 | D        | Found an iron altar of Okawaru.
     1 | D        | Found a sparkling altar of Nemelex Xobeh.
     1 | D        | Found a blossoming altar of Fedhas.
     3 | D        | Found a transporter.
     3 | D        | Found an ancient bone altar of Kikubaaqudgha.
     3 | D        | Found a viscous altar of Jiyva.
     3 | D        | Found a corrupted altar of Lugonu.
     3 | D        | Found a hazy altar of Hepliaklqana.
     3 | D        | Found a burning altar of Makhleb.
     3 | D        | Found an opulent altar of Gozag.
    49 | D        | Became a worshipper of the Wu Jian Council
    62 | D        | Reached skill level 4 in Throwing
    62 | D        | Reached skill level 1 in Armour
    62 | D        | Reached skill level 1 in Evocations
    62 | D        | Reached XP level 2. HP: 28/28 MP: 1/1
    69 | D        | Entered arena 2.
    69 | D        | Found a transporter.
    77 | D        | Slain by an iron imp

Vault maps used:
D:        sprint_v

Skill      XL: |  1 |
---------------+----+-----
Fighting       | 2 |  2.3
Throwing       | 4 |  4.2
Armour         | 1 |  1.6
Dodging        | 3 |  3.2
Stealth        | 2 |  2.1
Unarmed Combat | 3 |  3.2
Evocations     | 1 |  1.3

Action                   || total
-------------------------++-------
Melee: Unarmed           ||     6
  Use: Potion            ||     1
Dodge: Dodged            ||     5
